 Dungeon Crawl Stone Soup version 0.27.1-4-g1640c2035a (webtiles) character file.

Game seed: 2552321018625050937

810036 Turgor the Pyromancer (level 27, -3/282 HPs)
             Began as an Octopode Fire Elementalist on Nov 1, 2021.
             Was an Initiate of Gozag.
             Killed from afar by an orb of fire (25 damage)
             ... with a fireball
             ... on level 5 of the Realm of Zot on Nov 5, 2021.
             The game lasted 18:10:35 (101112 turns).

Turgor the Pyromancer (OpFE)                      Turns: 101112, Time: 18:10:36

Health: -3/282     AC: 41    Str: 13 (15) XL:     27
Magic:  7/61       EV: 17    Int: 49 (51) God:    Gozag
Gold:   6370       SH: 15    Dex: 14 (16) Spells: 6/66 levels left

rFire    + . .     SeeInvis +   W - +0 staff of Battle
rCold    + . .     Faith    .   n - +2 kite shield {reflect}
rNeg     + + .     Spirit   .   e - +3 hat of Pondering {ponderous, Will+ MP+10 Int+5}
rPois    ∞         Reflect  +   I - amulet of Discretion {RegenMP +Inv Will+ Str+4}
rElec    +         Harm     .   Q - +6 ring of intelligence
rCorr    +         Rampage  .   O - ring "Fiseskul" {Fire Will+ Dex+2}
Will     +++++                  E - ring "Qelut" {rN+ Will+ rCorr Int+5}
Stlth    +++++.....             R - ring of protection from cold
HPRegen  0.00/turn              T - ring of Guff {Wiz rPois Str+4}
MPRegen  0.62/turn              V - ring of protection from cold
                                S - ring of the Republic {rF+ MP+9 Int-2 Dex+3}
                                c - ring "Padutwod" {rElec AC+4 Str-3 Int+8 SInv}

@: about to teleport, statue-form, fire vulnerable, gold aura, inhibited regen,
studying 3 skills, bribing [the Realm of Zot], very slow
A: slow and powerful, torment resistance 1, boosted hp, almost no armour,
amphibious, 8 rings, camouflage 1, (gelatinous body 1), (nimble swimmer 1),
tentacles, clever 1, clumsy 1, low mp 1, robust 1, inhibited regeneration
}: 4/15 runes: decaying, serpentine, slimy, silver
a: End Transformation, Renounce Religion, Evoke Invisibility, Potion Petition,
Call Merchant, Bribe Branch


You were on level 5 of the Realm of Zot.
You worshipped Gozag.
Gozag was greatly pleased with you.
You were a living statue of rough stone.
You visited 11 branches of the dungeon, and saw 57 of its levels.
You visited 2 bazaars.
You visited 1 ziggurat, and saw 16 of its levels.
You also visited: Gauntlet, Ice Cave and Wizlab.

You collected 18422 gold pieces.
You spent 5479 gold pieces at shops.
You paid 6573 gold pieces to Gozag.

Inventory:

Hand Weapons
 W - the +0 staff of Battle (weapon)
   (You took it off a salamander mystic on level 4 of the Snake Pit)

   It enhances your conjuration magic.
   It summons a battlesphere in combat, with strength depending on Conjurations
   skill.
Missiles
 h - 9 curare-tipped darts
 v - 3 throwing nets
 X - 10 silver javelins (quivered)
Armour
 e - the +3 hat of Pondering (worn) {ponderous, Will+ MP+10 Int+5}
   (You took it off Gastronok on level 1 of the Lair of Beasts)

   Int:       It affects your intelligence (+5).
   MP:        It affects your magic capacity (+10).
   Will:      It increases your willpower.
 n - a +2 kite shield of reflection (worn)
Magical Staves
 Z - a staff of earth
Jewellery
 a - a ring of protection from fire
 c - the ring "Padutwod" (on tentacle) {rElec AC+4 Str-3 Int+8 SInv}
   (You acquired it on level 1 of the Lair of Beasts)

   [ring of protection]

   AC:        It affects your AC (+4).
   Str:       It affects your strength (-3).
   Int:       It affects your intelligence (+8).
   rElec:     It insulates you from electricity.
   SInv:      It lets you see invisible.
 u - the amulet "Yckog" {Reflect rN+ Int+4 Dex+6 SH+5}
   (You found it on level 15 of a ziggurat)

   [amulet of reflection]

   It reflects blocked missile attacks.
   Int:       It affects your intelligence (+4).
   Dex:       It affects your dexterity (+6).
   rN:        It protects you from negative energy.
   SH:        It affects your SH (+5).
 E - the ring "Qelut" (on tentacle) {rN+ Will+ rCorr Int+5}
   (You acquired it in a wizard's laboratory)

   [ring of resist corrosion]

   Int:       It affects your intelligence (+5).
   rN:        It protects you from negative energy.
   rCorr:     It protects you from acid and corrosion.
   Will:      It increases your willpower.
 I - the amulet of Discretion (around mantle) {RegenMP +Inv Will+ Str+4}
   (You took it off a deep elf sorcerer on level 3 of the Elven Halls)

   [amulet of magic regeneration]

   It increases your rate of magic regeneration.
   Str:       It affects your strength (+4).
   +Inv:      It lets you turn invisible.
   Will:      It increases your willpower.
 O - the ring "Fiseskul" (right tentacle) {Fire Will+ Dex+2}
   (You found it on level 4 of a ziggurat)

   [ring of fire]

   It enhances your fire magic.
   Dex:       It affects your dexterity (+2).
   rF:        It protects you from fire.
   rC:        It makes you vulnerable to cold.
   Will:      It increases your willpower.
 Q - a +6 ring of intelligence (left tentacle)
 R - a ring of protection from cold (on tentacle)
 S - the ring of the Republic (on tentacle) {rF+ MP+9 Int-2 Dex+3}
   (You found it on level 5 of a ziggurat)

   [ring of magical power]

   Int:       It affects your intelligence (-2).
   Dex:       It affects your dexterity (+3).
   rF:        It protects you from fire.
   MP:        It affects your magic capacity (+9).
 T - the ring of Guff (on tentacle) {Wiz rPois Str+4}
   (You found it on level 11 of a ziggurat)

   [ring of wizardry]

   It improves your spell success rate.
   Str:       It affects your strength (+4).
   rPois:     It protects you from poison.
 V - a ring of protection from cold (on tentacle)
 Y - a ring of flight
Wands
 m - a wand of digging (18)
 F - a wand of iceblast (77)
 N - a wand of acid (60)
Scrolls
 d - 47 scrolls of teleportation
 j - 8 scrolls of summoning
 o - 10 scrolls of enchant armour
 r - 29 scrolls of enchant weapon
 t - 17 scrolls of fog
 w - 9 scrolls of magic mapping
 y - 11 scrolls of blinking
 A - 11 scrolls of vulnerability
 B - 10 scrolls of amnesia
 D - 5 scrolls of fear
 L - 8 scrolls of holy word
Potions
 f - 7 potions of brilliance
 g - 4 potions of invisibility
 k - 6 potions of haste
 l - 11 potions of might
 p - a potion of cancellation
 s - 27 potions of curing
 x - 5 potions of magic
 z - 12 potions of heal wounds
 C - 3 potions of ambrosia
 G - a potion of flight
 H - 7 potions of mutation
 U - 2 potions of resistance
Miscellaneous
 b - a condenser vane
 i - a lightning rod (4/4)
 q - a phial of floods
 P - a phantom mirror


   Skills:
 + Level 19.1 Fighting
 - Level 0.1 Short Blades
 + Level 3.6 Throwing
 - Level 11.1 Dodging
 - Level 10.0 Stealth
 - Level 15.0 Shields
 * Level 20.4 Spellcasting
 + Level 22.0 Conjurations
 + Level 13.5 Necromancy
 + Level 13.4 Transmutations
 + Level 22.3 Fire Magic
 * Level 21.1 Earth Magic
 - Level 7.0 Invocations


You had 6 spell levels left.
You knew the following spells:

 Your Spells              Type           Power      Damage    Failure   Level
a - Foxfire               Conj/Fire      100%       2x1d9     0%          1
b - Blink                 Tloc           N/A        N/A       1%          2
c - Ignition              Fire           79%        3d21      1%          8
d - Sublimation of Blood  Necr           55%        N/A       0%          2
e - Borgnjor's Vile Clut  Necr/Erth      60%        N/A       0%          5
f - Fireball              Conj/Fire      92%        3d34      0%          5
i - Iron Shot             Conj/Erth      78%        9d14      0%          6
l - Lee's Rapid Deconstr  Erth           65%        3d31*     0%          5
m - Bolt of Magma         Conj/Fire/Erth 92%        4d34      0%          5
q - Statue Form           Tmut/Erth      80%        N/A       1%          6
s - Fire Storm            Conj/Fire      92%        8d23      1%          9
x - Starburst             Conj/Fire      92%        6d23      0%          6

Your spell library contained the following spells:

 Spells                   Type           Power      Damage    Failure   Level
 Animate Skeleton         Necr           100%       N/A       0%          1
 Beastly Appendage        Tmut           100%       N/A       0%          1
 Magic Dart               Conj           100%       1d8       0%          1
 Sandblast                Erth           100%       2d20      0%          1
 Shock                    Conj/Air       100%       1d9       0%          1
 Sting                    Tmut/Pois      100%       1d8       0%          1
 Passwall                 Tmut/Erth      100%       N/A       0%          2
 Searing Ray              Conj           100%       3d7       0%          2
 Static Discharge         Conj/Air       100%       N/A       0%          2
 Wereblood                Tmut           100%       N/A       0%          2
 Conjure Flame            Conj/Fire      100%       6-21      0%          3
 Dazzling Flash           Conj/Hex       100%       N/A       0%          3
 Inner Flame              Hex/Fire       100%       N/A       0%          3
 Stone Arrow              Conj/Erth      100%       3d13      0%          3
 Dispel Undead            Necr           100%       3d31      0%          4
 Petrify                  Tmut/Erth      100%       N/A       0%          4
 Sticky Flame             Conj/Fire      100%       2d11      0%          4
 Irradiate                Conj/Tmut      73%        3d37      0%          5
 Iskenderun's Battlesphe  Conj           100%       2d15      0%          5
 Corona                   Hex            55%        N/A       1%          1
 Freeze                   Ice            100%       1d11      1%          1
 Summon Small Mammal      Summ           100%       N/A       1%          1
 Call Imp                 Summ           50%        N/A       1%          2
 Corpse Rot               Necr/Air       N/A        N/A       1%          2
 Ensorcelled Hibernation  Hex/Ice        100%       N/A       1%          2
 Poisonous Vapours        Pois/Air       100%       N/A       1%          2
 Slow                     Hex            50%        N/A       1%          2
 Call Canine Familiar     Summ           50%        N/A       1%          3
 Confusing Touch          Hex            50%        N/A       1%          3
 Frozen Ramparts          Ice            100%       1d12      1%          3
 Gell's Gravitas          Tloc           25%        N/A       1%          3
 Lesser Beckoning         Tloc           25%        N/A       1%          3
 Mephitic Cloud           Conj/Pois/Air  100%       N/A       1%          3
 Ozocubu's Armour         Ice            50%        N/A       1%          3
 Portal Projectile        Hex/Tloc       100%       N/A       1%          3
 Spider Form              Tmut/Pois      43%        N/A       1%          3
 Summon Guardian Golem    Hex/Summ       50%        N/A       1%          3
 Swiftness                Air            50%        N/A       1%          3
 Teleport Other           Tloc           50%        N/A       1%          3
 Tukima's Dance           Hex            50%        N/A       1%          3
 Airstrike                Air            25%        N/A       1%          4
 Cause Fear               Hex            25%        N/A       1%          4
 Fulminant Prism          Conj/Hex       63%        3d27      1%          4
 Hailstorm                Conj/Ice       100%       3d20      1%          4
 Iskenderun's Mystic Bla  Conj/Tloc      100%       2d19      1%          4
 Leda's Liquefaction      Hex/Erth       50%        N/A       1%          4
 Olgreb's Toxic Radiance  Pois           50%        N/A       1%          4
 Summon Lightning Spire   Summ/Air       50%        N/A       1%          4
 Alistair's Intoxication  Tmut/Pois      57%        N/A       1%          5
 Blade Hands              Tmut           55%        N/A       1%          5
 Excruciating Wounds      Necr           55%        N/A       1%          5
 Lightning Bolt           Conj/Air       63%        1d86      1%          5
 Yara's Violent Unravell  Hex/Tmut       43%        3d17      1%          5
 Conjure Ball Lightning   Conj/Air       63%        3x3d23    1%          6
 Death Channel            Necr           55%        N/A       1%          6
 Eringya's Noxious Bog    Tmut/Pois      43%        N/A       1%          6
 Simulacrum               Ice/Necr       43%        N/A       1%          6
 Manifold Assault         Tloc           50%        N/A       3%          5
 Metabolic Englaciation   Hex/Ice        25%        N/A       3%          5
 Summon Forest            Summ/Tloc      25%        N/A       3%          5
 Summon Mana Viper        Hex/Summ       50%        N/A       3%          5
 Invisibility             Hex            25%        N/A       21%         6
 Shadow Creatures         Summ           N/A        N/A       21%         6
 Dragon Form              Tmut           55%        N/A       1%          7
 Orb of Destruction       Conj           79%        9d19      1%          7
 Spellforged Servitor     Conj/Summ      63%        N/A       1%          7
 Shatter                  Erth           65%        3d48*     2%          9
 Borgnjor's Revivificati  Necr           55%        N/A       3%          8
 Necromutation            Tmut/Necr      55%        N/A       3%          8
 Storm Form               Tmut/Air       43%        N/A       7%          7
 Death's Door             Necr           55%        N/A       45%         9
 Malign Gateway           Summ/Tloc      25%        N/A       69%         7
 Ozocubu's Refrigeration  Ice            25%        4d10      69%         7
 Summon Hydra             Summ           25%        N/A       69%         7
 Discord                  Hex            25%        N/A       100%        8
 Disjunction              Tloc           25%        N/A       100%        8
 Maxwell's Capacitive Co  Air            25%        ∞         100%        8
 Summon Horrible Things   Summ           25%        N/A       100%        8
 Dragon's Call            Summ           25%        N/A       100%        9
 Animate Armour           Summ/Erth      Unusable   N/A       N/A         4

Dungeon Overview and Level Annotations

Branches:
Dungeon (15/15)            Temple (0/1) D:7            Lair (6/6) D:9
  Swamp (4/4) Lair:3        Snake (4/4) Lair:2        Slime (5/5) Lair:5
    Orc (2/2) D:10            Elf (3/3) Orc:2        Vaults (5/5) D:13
  Crypt (3/3) Vaults:3       Tomb (0/3) Crypt:3      Depths (5/5) D:15
    Zot (5/5) Depths:5      IceCv (visited)          WizLab (visited)
Gauntlet (visited)

Altars:
Cheibriados
Elyvilon
Fedhas
Gozag
Hepliaklqana
Kikubaaqudgha
Makhleb
Nemelex Xobeh
Okawaru
Qazlal
Sif Muna
Trog
Uskayaw
Vehumet
Wu Jian
Xom
Yredelemnul
Beogh
Jiyva

Shops:
D:10 (   D:11 !   D:14 :   Orc:2 !(*?:   Snake:1 [*   Snake:3 *   Vaults:5 [
Depths:1 =:=[   Depths:4 ?

Portals:
Hell: Depths:1 Depths:2 Depths:3 Depths:4 Depths:5
Abyss: Depths:3 Depths:4 Depths:5
Pandemonium: Depths:3

Annotations:
Depths:4 exclusion: door, Boris
Zot:5 exclusion: obsidian statue


Innate Abilities, Weirdness & Mutations

You are a living statue of rough stone.
Your actions are slow, but your melee attacks are powerful.
You are resistant to unholy torment.
Your maximum health is greatly increased.
You are immune to poison.
You cannot wear most types of armour.
You are amphibious.
You can wear up to eight rings at the same time.
Your skin changes colour to match your surroundings (Stealth+).
((Your rubbery body absorbs attacks. (AC +1, EV +1)))
((You are camouflaged near water. (Stealth+)))
You have tentacles for arms and can constrict up to eight enemies at once.
Your mind is acute. (Int +2)
You are clumsy. (Dex -2)
Your magical capacity is low. (-10% MP)
You are robust. (+10% HP)
You do not regenerate when monsters are visible.


Message History

The Killer Klown pinches you but does no damage.
The Killer Klown hits you but does no damage.
The golden dragon bites you! You block the golden dragon's attack.
The golden dragon tramples you!
* * * LOW HITPOINT WARNING * * *
You hold your ground!
You hear a loud "Zot"!
Unknown command.
Blink to where?
Press: ? - help, Dir - move target, p - fire vortex The ancient lich stares, then turns away, jangling a coin purse.
An obsidian statue and an ancient lich come into view.
As you read the scroll of blinking, it crumbles to dust.
The electric golem blinks!
The Killer Klown blinks!
The Orb Guardian is distracted by your dazzling golden aura.
A dread lich comes into view.
The dread lich stares, then turns away, jangling a coin purse.
The Killer Klown blinks!
The obsidian statue's eyes glow briefly.
Marking area around an obsidian statue as unsafe for travelling.
Blink to where?
Press: ? - help, Dir - move target
As you read the scroll of blinking, it crumbles to dust.
You feel your bond with your battlesphere wane.
The Killer Klown blinks!
The orb of fire glows bright magenta.
The fireball explodes!
The fireball engulfs you!! You resist.
* * * LOW HITPOINT WARNING * * *
As you read the scroll of teleportation, it crumbles to dust.
You feel strangely unstable.
You feel the Orb delaying your translocation!
You conjure a globe of magical energy.
The orb of fire glows yellow.
The bolt of fire hits you!!! You resist.
* * * LOW HITPOINT WARNING * * *
The Killer Klown pantomimes your execution.
The orb of fire emits a lurid red light.
The fireball explodes!
The fireball engulfs you!! You resist.
You die...
Your body crumbles into a pile of gold.

*▓▓▓▓▓▓▓▓▓▓▓▓
*▓▓▓...........^
*▓...............
▓▓.............§..
▓*.......^........
▓8.........§.D.v..
▓▓.........p§*.y.v
*▓.....p..Xp.....
▓▓..............
▓▓....X..$...v...
▓▓....§*.....X^...
▓......p.8.pv...^v
▓.....§.p.........
▓▓................


You could see an orb of fire, 3 Killer Klowns, an Orb Guardian and a friendly
battlesphere.

Vanquished Creatures
  the Royal Jelly (Slime:5)
  3 dread liches
  6 ancient liches
  2 orbs of fire
  Khufu (Crypt:3)
  Mennas (Vaults:2)
  5 royal mummies
  Margery (Vaults:5)
  Frederick (Vaults:5)
  3 shard shrikes
  Vashnia (Snake:2)
  Saint Roka (Vaults:5)
  A curse toe (Zot:2)
  2 caustic shrikes
  Xtahua (Vaults:2)
  11 golden dragons
  The ghost of Jojin the Devastator, a veteran GrEE of Lugonu (Crypt:1)
  A profane servitor (Crypt:2)
  3 electric golems
  2 iron giants (Zig:8)
  A hellephant (Vaults:3)
  11 tentacled monstrosities
  An Orb Guardian (Zot:5)
  An Ice Fiend (WizLab)
  13 deep elf blademasters
  11 acid blobs
  12 deep elf master archers
  2 liches
  10 quicksilver dragons
  23 titans
  4 death cobs
  8 sphinxes
  A tentacled starspawn (Zig:11)
  8 shadow dragons
  Kirke (Snake:1)
  2 ancient champions (Crypt:1)
  Gastronok (Lair:1)
  2 revenants (Crypt:1)
  16 azure jellies
  4 draconian monks
  9 tengu reavers
  15 storm dragons
  Donald (Snake:1)
  A fenstrider witch (Swamp:1)
  8 nagarajas
  12 rockslimes
  The ghost of Turgor the Arsonist, a journeyman DgFE (Snake:3)
  A frost giant (shapeshifter) (Depths:2)
  7 deep elf sorcerers
  12 fire giants
  4 orc warlords
  12 ghouls
  3 draconian scorchers
  2 balrugs (Depths:4)
  3 curse skulls
  4 draconian shifters
  Aizul (Snake:4)
  21 vault wardens
  7 draconian knights
  4 iron dragons
  14 frost giants
  4 draconian annihilators
  3 cacodemons
  4 draconian stormcallers
  A spriggan defender (Depths:3)
  3 war gargoyles
  37 very ugly things
  3 deep elf elementalists
  13 ironbound preservers
  A juggernaut skeleton (Crypt:1)
  11 reapers
  2 caustic shrike skeletons
  15 green draconians
  31 stone giants
  8 quicksilver oozes
  9 deep elf demonologists
  9 vampire knights
  16 black draconians
  13 purple draconians
  9 white draconians
  6 dire elephants
  14 deep elf annihilators
  9 red draconians
  An entropy weaver (Vaults:3)
  10 yellow draconians
  3 bunyips
  10 deep elf death magi
  2 spark wasps
  A merfolk javelineer (Zig:4)
  11 eidola
  2 pearl dragon zombies (Crypt:2)
  A crystal guardian (Vaults:3)
  A green death (Depths:4)
  15 ettins
  11 fire dragons
  9 blizzard demons
  4 eleionomae
  6 jiangshi
  15 great orbs of eyes
  3 shambling mangroves
  9 deep elf high priests
  12 yaktaur captains
  5 mummy priests
  A great orb of eyes (shapeshifter) (Vaults:2)
  4 ironbound thunderhulks
  25 hydras
  7 salamander tyrants
  6 boulder beetles
  4 catoblepae
  A rakshasa (Depths:4)
  34 vault guards
  A caustic shrike simulacrum (Zig:13)
  A peacekeeper (Vaults:3)
  11 naga warriors
  An anaconda (shapeshifter) (Zig:12)
  Erolcha (D:9)
  16 ice dragons
  3 ogre magi
  6 ironbound frosthearts
  5 spriggan air magi
  8 death yaks
  3 ghost crabs
  9 anacondas
  16 centaur warriors
  A satyr (shapeshifter) (Zig:12)
  33 dancing weapons
  4 death knights
  9 two-headed ogres
  9 alligators
  4 vampire magi
  15 deep troll shamans
  6 tengu warriors
  11 deep troll earth magi
  4 hell hogs
  Urug (Lair:1)
  10 orc high priests
  3 thrashing horrors (Zig:11)
  2 titan zombies
  7 spriggan berserkers
  4 ironbound beastmasters
  2 sun demons
  11 shock serpents
  27 hell knights
  Sonja (Lair:6)
  24 deep elf knights
  11 soul eaters
  21 naga sharpshooters
  A titan skeleton (Crypt:3)
  A wretched star (Zig:11)
  10 goliath frogs
  13 iron trolls
  2 sixfirhies (Depths:4)
  A sea snake (shapeshifter) (Zig:12)
  9 skeletal warriors
  6 flayed ghosts
  7 salamander mystics
  A spatial maelstrom (Zig:11)
  4 glowing orange brains
  57 deep trolls
  5 spriggan druids
  A death drake (Swamp:1)
  2 anaconda zombies
  17 bog bodies
  A ghost moth zombie (Crypt:3)
  16 deep elf archers
  3 shadow demons
  A glowing orange brain (shapeshifter) (Vaults:5)
  11 wizards
  An obsidian statue (Depths:4)
  13 swamp dragons
  A lindwurm (Vaults:2)
  7 naga ritualists
  16 ironbound convokers
  A golden dragon skeleton (Crypt:3)
  37 deep elf pyromancers
  A sphinx zombie (Zig:10)
  20 phantasmal warriors
  A shadow dragon zombie (Crypt:3)
  18 necromancers
  23 orc knights
  An anaconda skeleton (Crypt:3)
  38 deep elf zephyrmancers
  A harpy (Vaults:2)
  A harpy (shapeshifter) (Depths:2)
  7 orc sorcerers
  29 salamanders
  4 wolf spiders (Crypt:3)
  2 stone giant zombies
  4 oklob plants
  9 shining eyes
  2 frost giant zombies
  8 mana vipers
  3 shadow dragon skeletons
  5 will-o-the-wisps
  An iron dragon zombie (Crypt:2)
  A tengu skeleton (Zig:9)
  5 cyclopes
  A guardian serpent (shapeshifter) (Vaults:5)
  A worldbinder (Zig:11)
  A moth of wrath (shapeshifter) (Elf:2)
  60 ugly things
  3 sphinx skeletons
  12 elephants
  44 black mambas
  7 manticores
  3 apis skeletons (Crypt:2)
  2 frost giant skeletons
  25 vault sentinels
  2 ice statues (IceCv)
  3 rust devils
  An apocalypse crab (Zig:11)
  17 moths of wrath
  A fire giant skeleton (Vaults:2)
  5 smoke demons
  A shock serpent skeleton (Crypt:1)
  11 guardian serpents
  11 naga magi
  2 eyes of devastation
  2 orange demons (Depths:4)
  A torpor snail (shapeshifter) (Elf:3)
  An eye of devastation (shapeshifter) (Zig:12)
  14 cane toads
  10 freezing wraiths
  3 unseen horrors
  A tormentor (WizLab)
  2 hellions
  2 kobold demonologists (Depths:3)
  22 yaktaurs
  A yaktaur (shapeshifter) (Vaults:5)
  An emperor scorpion zombie (Crypt:3)
  15 hellwings
  An efreet (Zig:11)
  6 rime drakes
  9 komodo dragons
  5 tengu conjurers
  A komodo dragon (shapeshifter) (Elf:2)
  A golden dragon simulacrum (Zig:13)
  An ancient zyme (Zig:11)
  An elf skeleton (Zig:10)
  6 guardian mummies
  An anaconda simulacrum (Crypt:2)
  12 trolls
  3 bloated husks
  9 ice devils
  2 jumping spiders (Crypt:3)
  2 hydra zombies (Crypt:3)
  3 meliai (D:15)
  5 tyrant leeches
  A satyr zombie (Crypt:2)
  An iron dragon simulacrum (Crypt:2)
  24 hornets
  A hydra skeleton (Crypt:3)
  3 polar bears
  A raiju (Zig:7)
  4 dream sheep (Lair:6)
  5 blink frogs (Lair:1)
  2 ettin zombies
  A raiju (shapeshifter) (D:14)
  2 fire dragon zombies
  A human simulacrum (Vaults:2)
  77 slime creatures
  2 alligator zombies (Crypt:3)
  A fire giant simulacrum (Vaults:4)
  7 air elementals
  2 large abominations (Zig:11)
  11 flying skulls
  6 redbacks
  Sigmund (D:3)
  A deep troll skeleton (Vaults:4)
  A shadow (D:10)
  2 ettin skeletons
  3 vampires (Vaults:3)
  6 ushabtiu
  A wyvern (Lair:2)
  A ynoxinul (Depths:4)
  16 spriggans
  13 starcursed masses (Zig:11)
  A wyvern (shapeshifter) (D:14)
  A black mamba skeleton (Crypt:2)
  10 water elementals
  15 wraiths
  An ice dragon skeleton (Crypt:2)
  An elf simulacrum (Vaults:4)
  4 hogs (Snake:1)
  56 yaks
  10 golden eyes
  7 basilisks
  7 fire elementals
  3 chaos spawn
  16 vampire mosquitoes
  A death yak simulacrum (IceCv)
  2 neqoxecs
  Menkaure (D:4)
  14 swamp worms
  6 acid dragons
  5 wargs
  2 swamp worms (shapeshifter) (Zig:12)
  A water nymph zombie (Crypt:1)
  46 nagas
  A cane toad zombie (Crypt:3)
  14 water moccasins
  A sky beast (D:5)
  7 swamp drakes (Swamp:4)
  A floating eye (shapeshifter) (Vaults:3)
  3 black bears
  46 orc warriors
  A hornet zombie (D:6)
  15 ogres
  3 ice beasts
  3 necrophages
  An ogre (shapeshifter) (Zig:16)
  6 wolves
  2 lindwurm skeletons
  8 centaurs
  8 boggarts
  A phantom (D:5)
  4 kobold brigands
  7 bullfrogs
  2 scorpions
  A wyvern zombie (D:9)
  2 gnoll sergeants
  8 earth elementals
  A water moccasin zombie (D:5)
  7 wyvern skeletons (Crypt:3)
  An elephant simulacrum (IceCv)
  7 killer bees
  4 wights (D:4)
  5 electric eels
  7 howler monkeys
  A wolf skeleton (Crypt:2)
  A bullfrog zombie (D:5)
  A demonspawn zombie (Crypt:1)
  3 hounds
  5 centaur zombies
  2 jellies
  18 orc priests
  A bullfrog skeleton (D:5)
  A centaur skeleton (D:7)
  2 gnoll shamans (D:6)
  2 iron imps (Zig:8)
  3 human skeletons
  2 iguanas (D:10)
  27 orc wizards
  A killer bee zombie (D:8)
  8 mummies
  A howler monkey zombie (D:7)
  A howler monkey skeleton (Crypt:1)
  18 gnolls
  7 adders
  A swamp drake skeleton (Crypt:1)
  14 white imps
  A worm (D:2)
  5 dart slugs
  89 orcs
  9 bats
  5 endoplasms
  A giant cockroach (D:2)
  8 goblins
  7 hobgoblins
  4 jackals (D:2)
  28 kobolds
  5 quokkas
  6 ball pythons
  5 frilled lizards
  A frilled lizard zombie (Crypt:2)
  A goblin zombie (Crypt:2)
  10 rats
  5 fire vortices
  A foxfire (Vaults:2)
  2 starspawn tentacles (Zig:11)
2739 creatures vanquished.

Vanquished Creatures (collateral kills)
  A draconian knight (Zot:2)
  A green draconian (Zot:4)
  A red draconian (Zot:2)
  A dancing weapon (Zig:16)
  A deep elf archer (Zig:16)
  A deep elf pyromancer (Vaults:5)
  A raiju zombie (Crypt:1)
7 creatures vanquished.

Vanquished Creatures (others)
  A deep elf blademaster (Zig:16)
  A lorocyproca (WizLab)
  A black mamba (Zig:14)
  A dream sheep (Lair:6)
  An orc wizard (Orc:2)
  An orc (Orc:2)
  A quokka (Depths:5)
  A bush (Lair:6)
  77 fire vortices
  1047 foxfires
  71 fungi
  113 plants
  23 withered plants (Crypt:3)
1339 creatures vanquished.

Grand Total: 4085 creatures vanquished

Notes
Turn   | Place    | Note
-------+----------+-------------------------------------------
     0 | D:1      | Turgor the Octopode Fire Elementalist began the quest for
                  | the Orb.
     0 | D:1      | Reached XP level 1. HP: 11/11 MP: 3/3
   163 | D:1      | Found a faded altar of an unknown god.
   178 | D:1      | Became a worshipper of Warmaster Okawaru
   178 | D:1      | Reached * piety under Okawaru
   392 | D:1      | Reached XP level 2. HP: 17/17 MP: 1/5
   644 | D:1      | Reached XP level 3. HP: 21/21 MP: 3/6
  1508 | D:2      | Reached XP level 4. HP: 27/27 MP: 2/8
  1514 | D:2      | Learned a level 3 spell: Conjure Flame
  1519 | D:2      | Learned a level 4 spell: Sticky Flame
  1968 | D:3      | Noticed Sigmund
  1974 | D:3      | Noticed Purgy
  2017 | D:3      | Killed Sigmund
  2017 | D:3      | Reached ** piety under Okawaru
  2018 | D:3      | Reached skill level 1 in Fighting
  2018 | D:3      | Reached XP level 5. HP: 7/33 MP: 1/10
  2018 | D:3      | Reached XP level 6. HP: 9/38 MP: 1/11
  2623 | D:3      | Noticed Purgy
  2623 | D:3      | Purgy changed into Purgy the ogre
  2641 | D:3      | Killed Purgy the ogre
  3430 | D:4      | Noticed an ice beast
  3446 | D:4      | Killed an ice beast
  3447 | D:4      | Reached skill level 5 in Fire Magic
  3447 | D:4      | Reached XP level 7. HP: 44/44 MP: 6/13
  3453 | D:4      | Learned a level 5 spell: Fireball
  4341 | D:4      | Noticed Menkaure
  5159 | D:4      | Reached *** piety under Okawaru
  5160 | D:4      | Reached XP level 8. HP: 51/51 MP: 9/14
  5547 | D:5      | Entered Level 5 of the Dungeon
  5796 | D:5      | Noticed Edmund
  5802 | D:5      | Noticed Edmund
  5802 | D:5      | Edmund changed into Edmund the quokka
  5802 | D:5      | Killed Edmund the quokka
  5945 | D:5      | Reached skill level 5 in Spellcasting
  6358 | D:5      | Found a shimmering blue altar of Sif Muna.
  6548 | D:5      | Reached skill level 5 in Conjurations
  6973 | D:5      | Found a radiant altar of Vehumet.
  7455 | D:6      | Found a hide-covered altar of Uskayaw.
  7593 | D:6      | Reached XP level 9. HP: 24/57 MP: 13/17
  8311 | D:6      | Reached **** piety under Okawaru
  8653 | D:7      | Found a staircase to the Ecumenical Temple.
  8895 | D:7      | Found an opulent altar of Gozag.
  8896 | D:7      | Found a hazy altar of Hepliaklqana.
  8897 | D:7      | Found a white marble altar of Elyvilon.
  8897 | D:7      | Found a burning altar of Makhleb.
  8897 | D:7      | Found a stormy altar of Qazlal.
  8899 | D:7      | Found a snail-covered altar of Cheibriados.
  8899 | D:7      | Found a blossoming altar of Fedhas.
  8900 | D:7      | Found an ornate altar of the Wu Jian Council.
 10485 | D:8      | Reached ***** piety under Okawaru
 10486 | D:8      | Reached XP level 10. HP: 65/65 MP: 13/20
 11126 | D:8      | Reached skill level 5 in Fighting
 11550 | D:8      | Learned a level 2 spell: Blink
 12163 | D:9      | Noticed a death yak
 12237 | D:9      | Noticed Erolcha
 12241 | D:9      | Killed Erolcha
 12253 | D:9      | Noticed a death yak
 12254 | D:9      | Noticed a death yak
 12665 | D:9      | Killed a death yak
 12674 | D:9      | Received a gift from Okawaru
 12675 | D:9      | Reached XP level 11. HP: 72/72 MP: 0/23
 12823 | D:9      | Killed a death yak
 12834 | D:9      | Noticed a two-headed ogre
 12922 | D:9      | Killed a two-headed ogre
 12957 | D:9      | Killed a death yak
 13275 | D:9      | Found a staircase to the Lair.
 13803 | D:9      | Reached skill level 10 in Fire Magic
 14123 | D:10     | Entered Level 10 of the Dungeon
 14264 | D:10     | Noticed a deep elf pyromancer
 14268 | D:10     | Killed a deep elf pyromancer
 14269 | D:10     | Reached skill level 1 in Shields
 15030 | D:10     | Found a bloodstained altar of Trog.
 15259 | D:10     | Noticed a two-headed ogre
 15273 | D:10     | Killed a two-headed ogre
 15804 | D:10     | Found Metaynne's Antique Weapon Shop.
 16257 | D:10     | Found a staircase to the Orcish Mines.
 16530 | D:4      | Killed Menkaure
 16663 | Lair:1   | Entered Level 1 of the Lair of Beasts
 16671 | Lair:1   | Reached XP level 12. HP: 80/80 MP: 8/25
 16941 | Lair:1   | Noticed Urug
 16955 | Lair:1   | Killed Urug
 16956 | Lair:1   | Reached skill level 10 in Conjurations
 17224 | Lair:1   | Reached ****** piety under Okawaru
 17231 | Lair:1   | Received a gift from Okawaru
 17867 | Lair:1   | Noticed Gastronok
 18101 | Lair:2   | Found a gate leading to a gauntlet.
 18124 | Gauntlet | Entered a Gauntlet
 18124 | Gauntlet | Found a large runed translucent door.
 18124 | Gauntlet | Found a large runed translucent door.
 18124 | Gauntlet | Found a large runed translucent door.
 18124 | Gauntlet | Found a large runed translucent door.
 18124 | Gauntlet | Found a large runed translucent door.
 18124 | Gauntlet | Found a large runed translucent door.
 18124 | Gauntlet | Found a runed translucent door.
 18124 | Gauntlet | Found a transporter.
 18124 | Gauntlet | Found a transporter.
 18124 | Gauntlet | Found a runed translucent door.
 18124 | Gauntlet | Found a large runed translucent door.
 18124 | Gauntlet | Found a large runed translucent door.
 18124 | Gauntlet | Found a large runed translucent door.
 18124 | Gauntlet | Found a large runed translucent door.
 18124 | Gauntlet | Found a large runed translucent door.
 18124 | Gauntlet | Found a large runed translucent door.
 18127 | Gauntlet | Found a large runed translucent door.
 18127 | Gauntlet | Found a large runed translucent door.
 18127 | Gauntlet | Found a large runed translucent door.
 18127 | Gauntlet | Found a large runed translucent door.
 18131 | Gauntlet | Found a runed translucent gate.
 18131 | Gauntlet | Found a runed translucent gate.
 18131 | Gauntlet | Found a runed translucent gate.
 18133 | Gauntlet | Found a transporter.
 18148 | Gauntlet | Found a transporter.
 18166 | Gauntlet | Found a transporter.
 18180 | Gauntlet | Found a transporter.
 18184 | Gauntlet | Noticed a ghost crab
 18200 | Gauntlet | Found a transporter.
 18283 | Gauntlet | Found a transporter.
 18297 | Gauntlet | Found a transporter.
 18320 | Gauntlet | Found a transporter.
 18328 | Gauntlet | Found a transporter.
 18341 | Gauntlet | Noticed a seven-headed hydra
 18346 | Gauntlet | Found a transporter.
 18426 | Gauntlet | Found a transporter.
 18431 | Gauntlet | Found a transporter.
 18438 | Gauntlet | Found a transporter.
 18442 | Gauntlet | Found a transporter.
 18809 | Lair:2   | Reached skill level 10 in Spellcasting
 18933 | Lair:2   | Noticed a six-headed hydra
 18939 | Lair:2   | Killed a six-headed hydra
 18940 | Lair:2   | Reached skill level 1 in Invocations
 19134 | Lair:2   | Noticed a six-headed hydra
 19530 | Lair:2   | Found a staircase to the Snake Pit.
 19585 | Lair:2   | Killed a six-headed hydra
 20285 | Lair:3   | Noticed a boulder beetle
 20300 | Lair:3   | Killed a boulder beetle
 20421 | Lair:3   | Found a hide-covered altar of Uskayaw.
 20422 | Lair:3   | Found an ornate altar of the Wu Jian Council.
 20482 | Lair:3   | Reached XP level 13. HP: 88/88 MP: 11/27
 20832 | Lair:3   | Learned a level 6 spell: Iron Shot
 20901 | Lair:3   | Received a gift from Okawaru
 21383 | Lair:3   | Learned a level 5 spell: Bolt of Magma
 21873 | Lair:3   | Reached skill level 1 in Earth Magic
 21960 | Lair:3   | Found a staircase to the Swamp.
 22158 | Lair:4   | Identified a scroll of acquirement
 22413 | Lair:4   | Identified the +6 lajatang "Yrgheduy" {vorpal, rN+}
                  | (Okawaru gifted it to you on level 4 of the Lair of Beasts)
 22413 | Lair:4   | Received a gift from Okawaru
 24468 | Lair:5   | Found a viscous altar of Jiyva.
 24469 | Lair:5   | Found a staircase to the Slime Pits.
 24678 | Lair:5   | Identified the +7 quarterstaff of Tiuge {drain, *Slow rF+
                  | rC+ Will+}
 25219 | Lair:6   | Entered Level 6 of the Lair of Beasts
 26017 | Lair:6   | Reached skill level 5 in Dodging
 26167 | Lair:6   | Noticed Sonja
 26172 | Lair:6   | Killed Sonja
 26172 | Lair:6   | Received a gift from Okawaru
 26719 | Lair:6   | Reached XP level 14. HP: 82/95 MP: 12/29
 28827 | Lair:6   | Reached skill level 5 in Earth Magic
 28978 | Lair:6   | Received a gift from Okawaru
 29207 | Lair:6   | Reached skill level 5 in Invocations
 29762 | Lair:6   | Identified the amulet "Lutapip" {RegenMP Fly Will- Dex+3}
 29764 | Lair:6   | Identified the +2 robe "Jaases" {rElec rC+ Str+2 Dex-3}
 29966 | Lair:1   | Killed Gastronok
 30274 | D:11     | Found Qeecs's Distillery.
 30334 | D:11     | Received a gift from Okawaru
 31274 | D:12     | Received a gift from Okawaru
 32594 | D:13     | Reached XP level 15. HP: 101/101 MP: 21/30
 32676 | D:13     | Learned a level 6 spell: Starburst
 32682 | D:13     | Learned a level 5 spell: Lee's Rapid Deconstruction
 32751 | D:13     | You are sucked into a shaft and drop 1 floor!
 33610 | D:13     | Found a gate to the Vaults.
 34142 | D:14     | Found Metusueh's Book Shoppe.
 34247 | D:14     | Received a gift from Okawaru
 35384 | D:14     | Noticed a fire giant
 35387 | D:14     | Killed a fire giant
 35505 | D:14     | Noticed a shadow dragon
 35507 | D:14     | Noticed a caustic shrike
 35509 | D:14     | Noticed a golden dragon
 35655 | D:14     | Noticed a titan
 35655 | D:14     | Noticed a caustic shrike
 35655 | D:14     | a titan changed into a caustic shrike
 35665 | D:15     | Entered Level 15 of the Dungeon
 35691 | D:15     | Received a gift from Okawaru
 36394 | D:15     | Found a staircase to the Depths.
 36960 | Orc:1    | Entered Level 1 of the Orcish Mines
 37192 | Orc:1    | Found a frozen archway.
 37204 | IceCv    | Entered an ice cave
 37215 | IceCv    | Found a transporter.
 37366 | IceCv    | Found a transporter.
 37735 | Orc:2    | Entered Level 2 of the Orcish Mines
 37817 | Orc:2    | Found a staircase to the Elven Halls.
 37839 | Orc:1    | Noticed an orc warlord
 37863 | Orc:1    | Reached XP level 16. HP: 99/108 MP: 11/32
 38068 | Orc:2    | Found Taig's Book Boutique.
 40837 | Orc:2    | Found Tofoodymn's Distillery.
 40837 | Orc:2    | Found Fanwyligg's Magic Scroll Shop.
 40839 | Orc:2    | Found Waog's General Store.
 40839 | Orc:2    | Found Quokah's Antique Weapon Emporium.
 40847 | Orc:2    | Bought a potion of brilliance for 64 gold pieces
 40850 | Orc:2    | Bought a potion of haste for 140 gold pieces
 40850 | Orc:2    | Bought 2 potions of curing for 84 gold pieces
 40850 | Orc:2    | Bought a potion of haste for 140 gold pieces
 40850 | Orc:2    | Bought a potion of curing for 42 gold pieces
 40850 | Orc:2    | Bought a potion of heal wounds for 70 gold pieces
 40850 | Orc:2    | Bought a potion of invisibility for 112 gold pieces
 40850 | Orc:2    | Bought a potion of brilliance for 56 gold pieces
 40855 | Orc:2    | Bought a scroll of teleportation for 36 gold pieces
 40855 | Orc:2    | Bought a scroll of teleportation for 36 gold pieces
 41428 | Orc:1    | Received a gift from Okawaru
 42065 | Snake:1  | Entered Level 1 of the Snake Pit
 42292 | Snake:1  | Reached skill level 5 in Stealth
 42293 | Snake:1  | Noticed Donald
 42294 | Snake:1  | Reached skill level 10 in Fighting
 42308 | Snake:1  | Killed Donald
 42527 | Snake:1  | Found Muykhlua's General Store.
 42527 | Snake:1  | Found Hanid's Armour Shop.
 42606 | Snake:1  | Bought a scroll of teleportation for 39 gold pieces
 43030 | Snake:1  | Noticed Kirke
 43034 | Snake:1  | Killed Kirke
 43263 | Snake:2  | Noticed Vashnia
 43309 | Snake:2  | Received a gift from Okawaru
 43646 | Snake:2  | Received a gift from Okawaru
 45042 | Snake:2  | Reached XP level 17. HP: 74/116 MP: 7/33
 47702 | Snake:3  | Noticed Turgor's ghost (journeyman DgFE)
 47702 | Snake:3  | Found a transporter.
 48257 | Snake:3  | Reached skill level 5 in Shields
 48693 | Snake:3  | Identified the +10 dagger "Xobeileb" {chaos, rElec Will+
                  | Dex+2 Stlth+}
 48693 | Snake:3  | Identified the ring of Lies {rPois Dex+5}
 48699 | Snake:3  | Found a transporter.
 48761 | Snake:3  | Found Neseqysa's Assorted Antiques.
 48769 | Snake:3  | Bought a scroll labelled ANGUTUIK QARCHA for 39 gold pieces
 49541 | Snake:3  | Identified the +8 quarterstaff "Memuw" {freeze, Dex+6}
                  | (Okawaru gifted it to you on level 3 of the Snake Pit)
 49541 | Snake:3  | Received a gift from Okawaru
 49590 | Snake:2  | Found a sparkling altar of Nemelex Xobeh.
 50714 | Snake:4  | Entered Level 4 of the Snake Pit
 51398 | Snake:4  | Noticed Aizul
 51412 | Snake:4  | Killed Aizul
 51413 | Snake:4  | Reached skill level 10 in Earth Magic
 51659 | Snake:4  | Received a gift from Okawaru
 52854 | Snake:4  | Reached XP level 18. HP: 81/122 MP: 26/35
 53620 | Snake:4  | Got a serpentine rune of Zot
 53954 | Swamp:1  | Entered Level 1 of the Swamp
 53958 | Swamp:1  | Reached skill level 15 in Fire Magic
 54186 | Swamp:1  | Received a gift from Okawaru
 56369 | Swamp:3  | Reached skill level 15 in Conjurations
 57058 | Swamp:3  | Reached skill level 10 in Shields
 57187 | Swamp:3  | Found an opulent altar of Gozag.
 57443 | Swamp:4  | Entered Level 4 of the Swamp
 57577 | Swamp:4  | Identified the +5 hat "Fuicw" {Dex+6} (Okawaru gifted it to
                  | you on level 4 of the Swamp)
 57577 | Swamp:4  | Received a gift from Okawaru
 57875 | Swamp:4  | Reached XP level 19. HP: 88/129 MP: 0/36
 58743 | Swamp:4  | Got a decaying rune of Zot
 59198 | Lair:1   | Acquired a staff of fire
 59200 | Lair:1   | Acquired a +6 ring of intelligence
 59201 | Lair:1   | Acquired the ring "Padutwod" {rElec AC+4 Str-3 Int+8 SInv}
 59202 | Lair:1   | Acquired 1221 gold pieces
 59513 | Vaults:1 | Entered Level 1 of the Vaults
 59582 | Vaults:1 | Found a magical portal.
 59636 | WizLab   | Entered Doroklohe's Tomb
 59796 | WizLab   | Noticed an Ice Fiend
 59799 | WizLab   | Killed an Ice Fiend
 59799 | WizLab   | Identified the +0 hat "Oheissafe" {rF- rN+++ Regen+ Str-2}
                  | (Okawaru gifted it to you in a wizard's laboratory)
 59799 | WizLab   | Received a gift from Okawaru
 60160 | WizLab   | Acquired the ring "Qelut" {rN+ Will+ rCorr Int+5}
 62513 | Vaults:2 | Noticed Mennas
 62836 | Vaults:2 | Received a gift from Okawaru
 62836 | Vaults:2 | Found the +3 crown of Dyrovepreva {rElec Int+2 SInv}
 63072 | Vaults:2 | Reached XP level 20. HP: 110/136 MP: 13/37
 63075 | Vaults:2 | Noticed Xtahua
 63417 | Vaults:2 | Killed Mennas
 64758 | Vaults:2 | Killed Xtahua
 64764 | Vaults:2 | Received a gift from Okawaru
 66454 | Depths:1 | Entered Level 1 of the Depths
 66462 | Depths:1 | Found a snail-covered altar of Cheibriados.
 66841 | D:11     | Bought a potion of brilliance for 64 gold pieces
 66841 | D:11     | Bought 2 potions of heal wounds for 160 gold pieces
 66841 | D:11     | Bought a potion of brilliance for 64 gold pieces
 66841 | D:11     | Bought a potion of curing for 48 gold pieces
 66841 | D:11     | Bought a potion of cancellation for 128 gold pieces
 66841 | D:11     | Bought a potion of haste for 160 gold pieces
 66931 | Elf:1    | Entered Level 1 of the Elven Halls
 67265 | Elf:1    | Learned a level 2 spell: Sublimation of Blood
 67288 | Orc:2    | Learned a level 6 spell: Statue Form
 67411 | Elf:1    | Identified the +10 hunting sling of Wecak {freeze, rF- rN+
                  | Str+2 Dex+2} (Okawaru gifted it to you on level 1 of the
                  | Elven Halls)
 67411 | Elf:1    | Received a gift from Okawaru
 67552 | Elf:1    | Identified the +4 quarterstaff of the Baking Sybil {speed,
                  | Str+4 Int+2}
 67624 | Elf:1    | Reached skill level 1 in Transmutations
 67625 | Elf:1    | Reached skill level 1 in Necromancy
 67753 | Orc:2    | Learned a level 5 spell: Borgnjor's Vile Clutch
 68335 | Elf:2    | Reached XP level 21. HP: 144/144 MP: 28/39
 68927 | Elf:2    | Found a runed translucent gate.
 68928 | Elf:2    | Found a runed translucent gate.
 68928 | Elf:2    | Found a runed translucent gate.
 70145 | Elf:2    | Received a gift from Okawaru
 70550 | Elf:3    | Entered Level 3 of the Elven Halls
 71659 | Elf:3    | Identified the +7 whip "Aperhu Ycwo" {flame, rC- Str+7}
 71659 | Elf:3    | Identified the amulet of Discretion {RegenMP +Inv Will+
                  | Str+4}
 71976 | Elf:3    | Received a gift from Okawaru
 72031 | Elf:3    | Identified the amulet "Rejiytz" {RegenMP *Corrode Str+5
                  | Dex+4}
 72545 | Elf:3    | Got Lenkyat's Tome of Creative Venom
 72553 | Elf:3    | Got the Collected Works on Ghastly Orientation
 72573 | Elf:3    | Identified the +10 shortbow of Ylluphegro {venom, rElec
                  | rF++ rC- Will+}
 73388 | Snake:3  | Reached XP level 22. HP: 151/151 MP: 40/40
 73392 | Snake:3  | Killed Turgor's ghost
 73471 | Snake:2  | Found a sparkling altar of Nemelex Xobeh.
 73501 | Snake:2  | Killed Vashnia
 74558 | Vaults:3 | Received a gift from Okawaru
 74692 | Vaults:3 | Found a staircase to the Crypt.
 74759 | Vaults:3 | Found a huge runed gate.
 74759 | Vaults:3 | Found a huge runed gate.
 74759 | Vaults:3 | Found a huge runed gate.
 74759 | Vaults:3 | Found a huge runed gate.
 74759 | Vaults:3 | Found a huge runed gate.
 74759 | Vaults:3 | Found a huge runed gate.
 74759 | Vaults:3 | Found a huge runed gate.
 74762 | Vaults:3 | Found a huge runed gate.
 74786 | Vaults:3 | Found a huge runed gate.
 74786 | Vaults:3 | Found a huge runed gate.
 74840 | Vaults:3 | Reached skill level 5 in Transmutations
 74969 | Vaults:3 | Identified the +3 plate armour "Sorgh" {Int+2}
 75000 | Vaults:3 | Reached skill level 5 in Necromancy
 75637 | Vaults:3 | Identified the +6 rapier "Icucozxa" {freeze, rCorr Str+5}
                  | (Okawaru gifted it to you on level 3 of the Vaults)
 75637 | Vaults:3 | Received a gift from Okawaru
 76452 | Vaults:4 | Found a flickering gateway to a bazaar.
 76460 | Bazaar   | Entered a bazaar
 76491 | Bazaar   | Found Xunip's Magic Scroll Emporium.
 76491 | Bazaar   | Found Telip's Book Emporium.
 76521 | Bazaar   | Found Bodal's Jewellery Shoppe.
 76521 | Bazaar   | Found Inyshrigy's Distillery.
 76539 | Bazaar   | Bought a potion of haste for 120 gold pieces
 76539 | Bazaar   | Bought a potion of haste for 120 gold pieces
 76539 | Bazaar   | Bought a potion of resistance for 120 gold pieces
 76589 | Bazaar   | Bought a scroll of teleportation for 42 gold pieces
 76589 | Bazaar   | Bought a scroll of amnesia for 49 gold pieces
 76589 | Bazaar   | Bought a scroll of blinking for 105 gold pieces
 76589 | Bazaar   | Bought a scroll of blinking for 105 gold pieces
 76589 | Bazaar   | Bought a scroll of teleportation for 42 gold pieces
 76589 | Bazaar   | Bought a scroll of enchant weapon for 105 gold pieces
 76589 | Bazaar   | Bought a scroll of brand weapon for 280 gold pieces
 76589 | Bazaar   | Bought a scroll of immolation for 49 gold pieces
 76623 | Bazaar   | Bought a ring of wizardry for 360 gold pieces
 76623 | Bazaar   | Bought a +4 ring of protection for 432 gold pieces
 77118 | Vaults:4 | Identified the +4 hunting sling of Kautt {freeze, rPois rF+
                  | Dex+3}
 77201 | Vaults:4 | Received a gift from Okawaru
 77240 | Vaults:4 | Reached skill level 15 in Spellcasting
 77240 | Vaults:4 | Reached XP level 23. HP: 158/158 MP: 38/42
 78512 | Depths:1 | Found Larexyng's Antique Armour Shoppe.
 78578 | Depths:1 | Found Mimoohar's Book Boutique.
 78579 | Depths:1 | Found Lera's Jewellery Emporium.
 78579 | Depths:1 | Found Hocufom's Jewellery Emporium.
 79011 | Depths:1 | Found a gateway to Hell.
 79427 | Depths:2 | Identified the +4 great sword "Nug Kema" {vorpal, rN+++
                  | Str-3 Int+5 Stlth-}
 79665 | Depths:2 | Noticed a caustic shrike
 79669 | Depths:2 | Killed a caustic shrike
 79933 | Depths:2 | Noticed a caustic shrike
 79933 | Depths:2 | Identified the ring "Naupn" {Will+ Dex+5}
 79939 | Depths:1 | Received a gift from Okawaru
 80059 | Depths:1 | Killed a caustic shrike
 80121 | Depths:1 | Reached skill level 15 in Shields
 80642 | Depths:2 | Reached skill level 15 in Earth Magic
 80803 | Depths:2 | Reached XP level 24. HP: 166/166 MP: 39/42
 80807 | Depths:2 | Identified the +6 dagger "Haastruh" {holy, rN++} (Okawaru
                  | gifted it to you on level 2 of the Depths)
 80807 | Depths:2 | Received a gift from Okawaru
 81110 | Depths:2 | Identified the +5 hand axe of Ecwa {pain, rC+ Str-3 Int+3
                  | Dex+8}
 81645 | Depths:3 | Found a shimmering blue altar of Sif Muna.
 82008 | Depths:3 | Found a gateway to a ziggurat.
 82021 | Zig:1    | Entered Level 1 of a ziggurat
 82037 | Zig:1    | Acquired the ring "Fuevoeso" {rF+ rC- MP+9 Int+3 Dex+2}
 82052 | Zig:2    | Entered Level 2 of a ziggurat
 82056 | Zig:2    | Identified the +1 hat of Spring Thaw {rF- Will++ Str+3}
                  | (Okawaru gifted it to you on level 2 of a ziggurat)
 82056 | Zig:2    | Received a gift from Okawaru
 82075 | Zig:3    | Entered Level 3 of a ziggurat
 82099 | Zig:4    | Entered Level 4 of a ziggurat
 82113 | Zig:4    | Identified the ring "Fiseskul" {Fire Will+ Dex+2}
 82138 | Zig:4    | Acquired a book of Burglary
 82140 | Zig:4    | Acquired 1218 gold pieces
 82143 | Zig:5    | Entered Level 5 of a ziggurat
 82147 | Zig:5    | Noticed a royal mummy
 82154 | Zig:5    | Killed a royal mummy
 82373 | Zig:5    | Identified the ring of the Republic {rF+ MP+9 Int-2 Dex+3}
 82377 | Zig:5    | Identified the +3 leather armour of Cowardice {Str+4}
 82383 | Zig:6    | Entered Level 6 of a ziggurat
 82409 | Zig:6    | Identified the ring of Uhiorruu {rPois Int+2}
 82416 | Zig:6    | Reached XP level 25. HP: 172/172 MP: 32/42
 82440 | Zig:7    | Entered Level 7 of a ziggurat
 82467 | Zig:7    | Identified the +1 pair of boots "Xoikhem" {Harm rElec
                  | Regen+ Int-2}
 82473 | Zig:7    | Identified the ring "Qioxohonisa" {rElec rF- Will+ Int+3}
 82477 | Zig:7    | Reached XP level 26. HP: 179/179 MP: 40/42
 82566 | Zig:8    | Entered Level 8 of a ziggurat
 82745 | Zig:8    | Identified the +5 scale mail "Axeadeci" {rPois rN++ Regen+
                  | rCorr}
 82765 | Zig:9    | Entered Level 9 of a ziggurat
 82861 | Zig:9    | Learned a level 7 spell: Orb of Destruction
 82896 | Zig:9    | Reached XP level 27. HP: 185/185 MP: 26/42
 82924 | Zig:9    | Learned a level 8 spell: Ignition
 82969 | Zig:10   | Entered Level 10 of a ziggurat
 82996 | Zig:10   | Got Sif Muna's Catalogue of Venom and the Volcanoes
 83040 | Zig:11   | Entered Level 11 of a ziggurat
 83052 | Zig:11   | Reached skill level 15 in Fighting
 83064 | Zig:11   | Identified the +6 falchion of Incongruity {vamp, rPois rC+}
                  | (Okawaru gifted it to you on level 11 of a ziggurat)
 83064 | Zig:11   | Received a gift from Okawaru
 83115 | Zig:11   | Identified the ring of Guff {Wiz rPois Str+4}
 83134 | Zig:12   | Entered Level 12 of a ziggurat
 83146 | Zig:12   | Noticed an ancient lich
 83149 | Zig:12   | Killed an ancient lich
 83150 | Zig:12   | Noticed an ancient lich
 83151 | Zig:12   | Noticed an ancient lich
 83155 | Zig:12   | Killed an ancient lich
 83155 | Zig:12   | Killed an ancient lich
 83156 | Zig:12   | Reached skill level 10 in Necromancy
 83162 | Zig:12   | Identified the +8 lajatang of Egomania {vorpal, Drain rPois
                  | rN+ Str+4}
 83163 | Zig:12   | Identified the +7 chain mail of Peek-a-Boo {Rampage Int+7
                  | Dex-5 SInv}
 83179 | Zig:12   | Got the Handbook of Air and the Frostbite
 83181 | Zig:12   | Identified the +9 mace "Varo" {vorpal, rC+ Dex+5}
 83230 | Zig:13   | Entered Level 13 of a ziggurat
 83246 | Zig:13   | Identified the +2 hat of Loss {Rampage rF+ Slay-6} (Okawaru
                  | gifted it to you on level 13 of a ziggurat)
 83246 | Zig:13   | Received a gift from Okawaru
 83247 | Zig:13   | Reached skill level 10 in Transmutations
 83287 | Zig:13   | Identified the +7 short sword of Profit {holy, rF- Int+4}
 83328 | Zig:14   | Entered Level 14 of a ziggurat
 83531 | Zig:14   | Identified the ring "Yngofinu" {Will+ EV+4 Int-5 Dex+8}
 83542 | Zig:15   | Entered Level 15 of a ziggurat
 83592 | Zig:15   | Identified the amulet "Karetz" {Faith rN+ rCorr Str-5}
 83631 | Zig:15   | Identified the amulet "Yckog" {Reflect rN+ Int+4 Dex+6
                  | SH+5}
 83654 | Zig:16   | Entered Level 16 of a ziggurat
 83657 | Zig:16   | Noticed a dread lich
 83694 | Zig:16   | Identified the +0 tower shield "Bozykun" {rCorr} (Okawaru
                  | gifted it to you on level 16 of a ziggurat)
 83694 | Zig:16   | Received a gift from Okawaru
 83772 | Zig:16   | Killed a dread lich
 83826 | Zig:16   | Found the +7 captain's cutlass {speed, disarm}
 83832 | Zig:16   | Identified the ring of the Harvest {rCorr Str+2}
 83836 | Zig:16   | Identified the amulet "Mounnez" {Faith rPois MP+9 Str+3
                  | Slay-3}
 83845 | Zig:16   | Identified the +2 great sword "Runups" {speed, +Blink rN+
                  | Dex+2}
 83906 | Depths:3 | Identified the amulet "Sorau" {RegenMP rCorr Dex+4}
 84024 | Depths:3 | Found a one-way gate to the infinite horrors of the Abyss.
 84082 | Depths:3 | Found a one-way gate leading to the halls of Pandemonium.
 84656 | Depths:4 | Noticed Boris
 84760 | Depths:4 | Found Cius's Magic Scroll Emporium.
 84826 | Depths:4 | Bought a scroll of blinking for 165 gold pieces
 84826 | Depths:4 | Bought a scroll of teleportation for 66 gold pieces
 84826 | Depths:4 | Bought a scroll of teleportation for 66 gold pieces
 84826 | Depths:4 | Bought a scroll of teleportation for 66 gold pieces
 84921 | Depths:4 | Received a gift from Okawaru
 85149 | Depths:4 | Received a gift from Okawaru
 85522 | Depths:5 | Entered Level 5 of the Depths
 85531 | Depths:5 | Found a flickering gateway to a bazaar.
 85552 | Bazaar   | Entered a bazaar
 85599 | Bazaar   | Found Murri's Assorted Antiques.
 85607 | Bazaar   | Bought a marble ring for 95 gold pieces
 85607 | Bazaar   | Bought a potion of magic for 152 gold pieces
 85607 | Bazaar   | Bought 2 potions of curing for 114 gold pieces
 85618 | Bazaar   | Found Luagonau's Antique Weapon Shoppe.
 85639 | Bazaar   | Found Xyudghio's Antique Weapon Boutique.
 85960 | Depths:5 | Acquired the +0 tower shield "Iffi" {rPois rC+ Int+7}
 85980 | Depths:5 | Found a white marble altar of Elyvilon.
 86311 | Depths:5 | Identified the +5 flail "Narph" {flame, rF- rC+ Str+10
                  | Int-5}
 86421 | Depths:5 | Found a gate to the Realm of Zot.
 86448 | Depths:5 | Learned a level 9 spell: Fire Storm
 86852 | D:7      | Fell from the grace of Okawaru
 86852 | D:7      | Became a worshipper of Gozag Ym Sagoz the Greedy
 87205 | Vaults:5 | Entered Level 5 of the Vaults
 87227 | Vaults:5 | Reached skill level 10 in Stealth
 87456 | Vaults:5 | Noticed a dread lich
 87598 | Vaults:5 | Noticed an ancient lich
 87600 | Vaults:5 | Noticed an ancient lich
 87601 | Vaults:5 | Killed a dread lich
 87602 | Vaults:5 | Killed an ancient lich
 87603 | Vaults:5 | Identified the +8 scimitar "Umishronn" {drain, Int+4}
 87605 | Vaults:5 | Noticed Frederick
 87705 | Vaults:5 | Noticed Margery
 87708 | Vaults:5 | Killed an ancient lich
 87711 | Vaults:5 | Killed Frederick
 87713 | Vaults:5 | Killed Margery
 88788 | Vaults:5 | Identified the +3 quick blade of Indomitability {vorpal,
                  | Int+4}
 88789 | Vaults:5 | Identified the +5 rapier of Infection {venom, +Rage Str+4}
 88821 | Vaults:5 | Got a silver rune of Zot
 88901 | Vaults:5 | Noticed Saint Roka
 88905 | Vaults:5 | Killed Saint Roka
 89224 | Vaults:5 | Identified the +7 war axe of Kairikiu {freeze, MP+9 SInv}
 89226 | Vaults:5 | Identified the ring "Terchic" {*Corrode rPois rC+ Str+6
                  | Int+7}
 89349 | Vaults:5 | Found Gacriu's Antique Armour Shop.
 89581 | Vaults:5 | Identified the +4 hunting sling "Pimeloek" {vorpal, rC+
                  | rN+}
 89585 | Vaults:5 | Identified the +5 scale mail of Wu Jian's Scorn {+Blink
                  | rPois rC- SInv}
 89760 | Crypt:1  | Entered Level 1 of the Crypt
 90464 | Crypt:1  | Found a runed translucent door.
 90464 | Crypt:1  | Noticed Jojin's ghost (veteran GrEE)
 90806 | Crypt:1  | Killed Jojin's ghost
 91392 | Crypt:2  | Was forgiven by Okawaru
 91704 | Crypt:2  | Found a basalt altar of Yredelemnul.
 91892 | Crypt:3  | Entered Level 3 of the Crypt
 92266 | Crypt:3  | Reached skill level 10 in Dodging
 92289 | Crypt:3  | Identified the +1 scale mail of the Pure Seers {rF+ Str+3
                  | Dex-5}
 92590 | Crypt:3  | Noticed a royal mummy
 92592 | Crypt:3  | Killed a royal mummy
 92663 | Crypt:3  | Found a staircase to the Tomb.
 93053 | Crypt:3  | Found an ancient bone altar of Kikubaaqudgha.
 93224 | Crypt:3  | Noticed a dread lich
 93226 | Crypt:3  | Killed a dread lich
 93227 | Crypt:3  | Noticed an ancient lich
 93230 | Crypt:3  | Killed an ancient lich
 93333 | Crypt:3  | Noticed a royal mummy
 93333 | Crypt:3  | Noticed a royal mummy
 93333 | Crypt:3  | Noticed a royal mummy
 93333 | Crypt:3  | Noticed Khufu
 93336 | Crypt:3  | Killed Khufu
 93336 | Crypt:3  | Killed a royal mummy
 93336 | Crypt:3  | Killed a royal mummy
 93336 | Crypt:3  | Killed a royal mummy
 94861 | Orc:2    | Bought a Necronomicon for 896 gold pieces
 94861 | Orc:2    | Bought a book of Blood for 448 gold pieces
 95085 | Slime:1  | Entered Level 1 of the Pits of Slime
 95228 | Slime:2  | Gained mutation: You tend to lose your temper in combat. [a
                  | shining eye]
 95229 | Slime:2  | Gained mutation: You sometimes lose the ability to read
                  | scrolls when taking damage. [a shining eye]
 95231 | Slime:2  | Lost mutation: You sometimes lose the ability to read
                  | scrolls when taking damage. [potion of mutation]
 95231 | Slime:2  | Lost mutation: You tend to lose your temper in combat.
                  | [potion of mutation]
 95231 | Slime:2  | Gained mutation: Your mind is acute. (Int +2) [potion of
                  | mutation]
 95231 | Slime:2  | Gained mutation: You are robust. (+10% HP) [potion of
                  | mutation]
 95603 | Slime:4  | Gained mutation: Your magical capacity is low. (-10% MP) [a
                  | shining eye]
 95780 | Slime:5  | Entered Level 5 of the Pits of Slime
 95901 | Slime:5  | Noticed the Royal Jelly
 95904 | Slime:5  | Killed the Royal Jelly
 96331 | Slime:5  | Identified the +1 dagger of Zyock {chaos, +Rage}
 96351 | Slime:5  | Got a slimy rune of Zot
 96366 | Slime:5  | Identified the +1 war axe of Hell's Wrath {venom, rF++}
 96374 | Slime:5  | Identified the +1 hunting sling of Causality {venom, rN+
                  | Will+}
 96378 | Slime:5  | Identified the +6 quarterstaff of Income {drain, Int+2}
 96386 | Slime:5  | Identified the +9 spear of Pandemonium {flame, *Corrode
                  | Int+7}
 96394 | Slime:5  | Identified the +10 short sword of Zefutil {drain, rPois
                  | rF+++ Int+7 Dex-3}
 97023 | Zot:1    | Entered Level 1 of the Realm of Zot
 97034 | Zot:1    | Noticed an orb of fire
 97036 | Zot:1    | Gained mutation: You are clumsy. (Dex -2) [an orb of fire]
 97038 | Zot:1    | Killed an orb of fire
 98085 | Zot:2    | Noticed an orb of fire
 98089 | Zot:2    | Killed an orb of fire
 98892 | Zot:2    | Found a shimmering altar of Xom.
 99272 | Zot:3    | Reached skill level 1 in Throwing
100683 | Zot:4    | Identified the +2 leather armour of Sine Wao {rElec rC-
                  | rN++ Dex-5}
101062 | Zot:5    | Entered Level 5 of the Realm of Zot
101100 | Zot:5    | Noticed an orb of fire
101102 | Zot:5    | Gained mutation: You do not regenerate when monsters are
                  | visible. [an orb of fire]
101102 | Zot:5    | Noticed an orb of fire
101110 | Zot:5    | Noticed an ancient lich
101110 | Zot:5    | Noticed a dread lich
101112 | Zot:5    | Killed from afar by an orb of fire

Illustrated notes

Levels and vault maps discovered:
D:1:      dpeg_arrival_rooms_b, layout_basic, ebering_ecumenical_altar_hall,
          dk_noncrumbling_2
D:2:      layout_rooms, kennysheep_generic_room_4
D:3:      minmay_door_path, layout_loops_ring, kennysheep_doodads,
          kennysheep_generic_room_9, uniq_sigmund, uniq_purgy
D:4:      layout_basic, uniq_menkaure
D:5:      layout_basic, kennysheep_little_box, marbit_many_paths, serial_rivers,
          chequers_serial_rivers_micro_a, chequers_serial_rivers_large_a,
          chequers_serial_rivers_micro_c, chequers_serial_rivers_room_b,
          uniq_edmund
D:6:      layout_cave_pods, overflow_temple_1_default
D:7:      layout_loops_corners, grunt_temple_overflow_open,
          minmay_temple_entry_wispy, roderic_lattice_a, grunt_ministairs_8
D:8:      layout_cave_pods
D:9:      nicolae_whirlpool, layout_gridville, dpeg_lair_monsters, serial_glass,
          glass_columns_a, glass_columns_a, minmay_strange_pillars,
          hangedman_abyss_or_decor_stabs, abandoned_shop, minmay_holes,
          uniq_erolcha
D:10:     layout_loops_ring, trog_butcher_becter, david_orc_5, serial_shops,
          kennysheep_mini_moat
D:11:     layout_cave_pods, serial_shops, shop_fountains
D:12:     layout_cross
D:13:     layout_roguey, david_vaults_1
D:14:     cross_vault, layout_loops_ring, serial_shops, nicolae_shop_stone
D:15:     grunt_enter_depths_giant_problem, layout_rooms, minmay_fountain_box,
          minivault_4
Lair:1:   layout_misc_corridors, grunt_megastairs_2, serial_bayou_shore_b,
          uniq_gastronok, uniq_urug
Lair:2:   layout_misc_corridors, minmay_snake_entry_spellcaster,
          gauntlet_entry_generic, chequers_serial_rivers_small_a,
          serial_bayou_shore_a, grunt_megastairs_4
Lair:3:   layout_roguey, nicolae_swamp_entry_splash_gauntlet,
          nzn_masters_of_martial_movement
Lair:4:   layout_regular_city, serial_bayou_shore_b, grunt_megastairs_5
Lair:5:   layout_roguey, dpeg_slime_entry_enclosed_altar,
          minmay_lair_oklob_chamber, lemuel_fruit_fields,
          infiniplex_staircase_pool_2, grunt_megastairs_1
Lair:6:   evilmike_catoblepas_cave, layout_loops_ring, uniq_sonja
Swamp:1:  layout_basic_swamp, evilmike_swamp_ruin_rubble_1
Swamp:2:  layout_basic_swamp, evilmike_swamp_ruin_rubble_2, swamp_pool2,
          nicolae_swamp_tree_designs
Swamp:3:  layout_falls_marsh, lemuel_altar_in_water
Swamp:4:  grunt_swamp_rune_castle, layout_basic_swamp, swamp_pool1
Snake:1:  layout_basic, serial_curves, eino_curves_02, eino_curves_02,
          minmay_shoptagon, uniq_donald, uniq_kirke
Snake:2:  layout_cave_shapes, lemuel_oklob_altar, lemuel_fruit_tree,
          uniq_vashnia
Snake:3:  layout_gridlike, gammafunk_ghost_arena, minmay_shop_star
Snake:4:  johnstein_snake_rune_scales, layout_layer_cave, uniq_aizul
Slime:1:  layout_caves
Slime:2:  layout_caves, nicolae_slime_barrier
Slime:3:  layout_caves
Slime:4:  layout_caves
Slime:5
Orc:1:    layout_caves, portal_ice_cave_entry_imps,
          lightli_volcano_entry_magma_tube, serial_shops
Orc:2:    grunt_orc_tribal_feast, layout_diamond_mine, serial_shops, shop
Elf:1:    minmay_elf_arrival_circle, layout_geoelf_grid,
          hangedman_elf_disciples, kilobyte_rumbling_trees
Elf:2:    nicolae_elf_blades_splatter_lattice
          [nicolae_blade_entry_diamond_columns], layout_geoelf_diagonals
Elf:3:    minmay_elf_hall_statues, layout_gridlike
Vaults:1: kb_rosetta, nicolae_vaults_what_the_h, vaults_room_semicircle,
          v_misc_26, nicolae_vaults_alarming, dpeg_vaults_monster_box,
          v_misc_17, v_alt_pattern_4, nicolae_vaults_three_branches, v_misc_5,
          layout_vaults_omnigrid, infiniplex_enter_wizlab_glasses
Vaults:2: nicolae_vaults_network_barrier, nicolae_vaults_network_square,
          nicolae_vaults_quartermaster, vaults_standard_mumra_x, v_misc_25,
          v_alt_pattern_2, dpeg_vaults_monster_row, hangedman_vaults_stagger,
          v_misc_22, v_misc_25, layout_vaults_omnicross, uniq_xtahua,
          uniq_mennas
Vaults:3: vaults_room_octagon, vaults_standard_mumra_enter_the_diamond,
          vaults_standard_mumra_lines, hangedman_vaults_slice,
          grunt_vaults_hallway_long, v_pattern_1, vaults_not_door_vault_due,
          nicolae_vaults_network_quinsquares
          [nicolae_vaults_network_quincunx_subvault,
          nicolae_vaults_network_quincunx_subvault,
          nicolae_vaults_network_quincunx_subvault,
          nicolae_vaults_network_quincunx_subvault],
          minmay_crypt_entry_vampire_xt, v_misc_28,
          nicolae_vaults_specimen_jars, ontoclasm_vaults_loading_screen,
          ontoclasm_vaults_hangar, grunt_vaults_hallway_long,
          vaults_dpeg_diagonal, layout_vaults_maze_bifur
Vaults:4: v_misc_30, ontoclasm_vaults_bender, v_misc_12, v_misc_1,
          vaults_dpeg_cross, special_room_vaults [special_room_orc],
          nicolae_vaults_ring_of_whatevers, vaults_room_large_hall,
          nicolae_vaults_ring_of_whatevers, nicolae_vaults_little_squares_3,
          layout_vaults_big_room, serial_shops, bzr_entry_dummy
Vaults:5: uniq_margery, uniq_frederick, uniq_saint_roka
Crypt:1:  layout_misc_corridors, ebering_ghost_reflecting_pool
Crypt:2:  layout_chaotic_city, hangedman_blasphemy
Crypt:3:  evilmike_haunted_forest, uniq_khufu
Depths:1: layout_long_grid, grunt_hell_entry_dis_mu, serial_shops,
          shop_fountains, serial_bayou_pond_b, kennysheep_slug_shrine,
          minmay_shop_grove
Depths:2: minmay_the_grid_square_5x5_5x5 [minmay_the_grid_square_5x5_longway,
          minmay_the_grid_square_5x5_dogpile,
          minmay_the_grid_square_5x5_inner_i,
          minmay_the_grid_square_5x5_beaten_path,
          minmay_the_grid_square_5x5_gyroscope,
          minmay_the_grid_square_5x5_broken_cross,
          minmay_the_grid_square_5x5_prize_waves,
          minmay_the_grid_square_5x5_minivault,
          minmay_the_grid_square_5x5_prize_open,
          minmay_the_grid_square_5x5_two_walls_a,
          minmay_the_grid_square_5x5_one_wall,
          minmay_the_grid_square_5x5_tetrominoes,
          minmay_the_grid_square_5x5_prize_itemx,
          minmay_the_grid_square_5x5_sharp_hourglass,
          minmay_the_grid_square_5x5_n_small,
          minmay_the_grid_square_5x5_intrusive_squares,
          minmay_the_grid_square_5x5_prize_rear_guard,
          minmay_the_grid_square_5x5_tie, minmay_the_grid_square_5x5_prize_gold,
          minmay_the_grid_square_5x5_moneybag,
          minmay_the_grid_square_5x5_spiral_small,
          minmay_the_grid_square_5x5_inner_z,
          minmay_the_grid_square_5x5_shrine2, minmay_the_grid_square_5x5_mess,
          minmay_the_grid_square_5x5_plus], layout_honeycomb, eino_curves_04,
          hell_entry, minmay_staircase_bubble
Depths:3: minmay_diamond_stairs, layout_small_grid, enter_ziggurat_e, pan_entry,
          pf_vacation_house_of_asmodeus, abyss_entry,
          chequers_hall_statues_corner_a, hangedman_summoners_spam
Depths:4: kennysheep_six_static_rooms, layout_cave_shapes, serial_shops,
          nicolae_square_shop, columned_hall_lemuel,
          grunt_hell_entry_demonic_statue, serial_bayou, serial_bayou_pond_e,
          serial_bayou_pond_e, serial_bayou_crossing, serial_bayou_pond_d,
          serial_bayou_pond_d, abyss_entry, uniq_boris
Depths:5: evilmike_zot_entry_diamond, layout_cave_pools, abyss_entry_glasseish,
          serial_shops, bzr_entry_customers, hell_entry, elyvilon_altar_4
Zot:1:    layout_basic
Zot:2:    layout_onion_interference, basic_altar, grunt_ministairs_13,
          st_stairs_2
Zot:3:    layout_gridlike, st_small_dragon_hoard_1, st_large_dragon_hoard_3,
          grunt_megastairs_3
Zot:4:    layout_gridville
Zot:5:    layout_twisted_circle

Skill      XL: |  1  2  3  4  5  6  7  8  9 10 11 12 13 14 15 16 17 18 19 20 21 22 23 24 25 26 27 |
---------------+----------------------------------------------------------------------------------+-----
Fire Magic     | 4 5 6 8 9 10 11 12 13 14 15 16 17 18 22 | 22.3
Spellcasting   | 3 4 5 6 8 9 10 11 12 13 14 15 20 | 20.4
Fighting       | 1 2 3 4 5 6 7 8 9 10 11 12 13 14 19 | 19.1
Stealth        | 3 6 7 8 10 | 10.0
Conjurations   | 2 3 4 5 7 8 9 10 11 12 13 14 15 16 17 18 22 | 22.0
Dodging        | 3 4 5 6 7 8 9 11 | 11.1
Shields        | 3 4 8 10 11 12 13 14 15 | 15.0
Invocations    | 2 4 5 6 7 |  7.0
Earth Magic    | 4 6 8 9 10 11 12 13 14 15 21 | 21.1
Transmutations | 1 4 6 7 8 13 | 13.4
Necromancy     | 1 4 6 7 8 9 13 | 13.5
Throwing       | 3 |  3.6
Short Blades   | |  0.1

Action                   |  1- 3 |  4- 6 |  7- 9 | 10-12 | 13-15 | 16-18 | 19-21 | 22-24 | 25-27 || total
-------------------------+-------+-------+-------+-------+-------+-------+-------+-------+-------++-------
Melee: Hand axe          |     7 |       |       |       |       |       |       |       |       ||     7
       Constrict         |     4 |     5 |    19 |     3 |     2 |       |       |       |     5 ||    38
       Dagger            |     3 |    28 |    12 |       |       |       |       |       |       ||    43
       Tentacles         |     1 |     3 |    23 |     2 |     2 |       |     1 |       |     3 ||    35
       Punch             |       |     1 |     2 |       |       |       |       |       |       ||     3
       Short sword       |       |       |    98 |    26 |     2 |       |       |       |       ||   126
       Staff             |       |       |       |       |    12 |     6 |     2 |       |     8 ||    28
 Fire: Hunting sling     |       |       |       |       |     1 |       |       |       |       ||     1
Throw: Stone             |       |     1 |       |       |       |       |       |       |       ||     1
       Dart              |       |       |     5 |    52 |    54 |    32 |    10 |       |       ||   153
 Cast: Foxfire           |    38 |    59 |   206 |    81 |     3 |    55 |    64 |    21 |    76 ||   603
       Conjure Flame     |       |     3 |     2 |     8 |     3 |     1 |       |       |       ||    17
       Sticky Flame      |       |       |     4 |    44 |    32 |    34 |     5 |       |       ||   119
       Fireball          |       |       |       |   148 |   233 |   292 |   272 |   145 |   202 ||  1292
       Bolt of Magma     |       |       |       |       |   176 |   169 |   131 |   127 |   225 ||   828
       Blink             |       |       |       |       |     1 |     8 |     5 |     9 |    17 ||    40
       Lee's Rapid Decon |       |       |       |       |     6 |   104 |    76 |    38 |    66 ||   290
       Starburst         |       |       |       |       |     1 |     9 |     2 |     4 |    16 ||    32
       Iron Shot         |       |       |       |       |       |    43 |    25 |    96 |   222 ||   386
       Statue Form       |       |       |       |       |       |       |    72 |   141 |   273 ||   486
       Borgnjor's Vile C |       |       |       |       |       |       |    23 |       |     6 ||    29
       Sublimation of Bl |       |       |       |       |       |       |     2 |     1 |     3 ||     6
       Orb of Destructio |       |       |       |       |       |       |       |       |     2 ||     2
       Ignition          |       |       |       |       |       |       |       |       |   114 ||   114
       Fire Storm        |       |       |       |       |       |       |       |       |    94 ||    94
Invok: Heroism           |       |     2 |     8 |       |     1 |       |     1 |       |       ||    12
       Potion Petition   |       |       |       |       |       |       |       |       |     1 ||     1
       Bribe Branch      |       |       |       |       |       |       |       |       |     1 ||     1
 Abil: End Transformatio |       |       |       |       |       |       |       |     1 |     1 ||     2
Evoke: Wand              |       |     1 |     1 |       |     5 |     9 |     9 |       |     8 ||    33
       Phial of floods   |       |       |       |       |       |     1 |     1 |       |       ||     2
       Phantom mirror    |       |       |       |       |       |       |     1 |       |     2 ||     3
       Condenser vane    |       |       |       |       |       |       |       |     1 |     2 ||     3
       Lightning rod     |       |       |       |       |       |       |       |       |     2 ||     2
  Use: Scroll            |       |     7 |     9 |     4 |    16 |    10 |    12 |     5 |    11 ||    74
       Potion            |       |     1 |       |     1 |     3 |     7 |     9 |     4 |    14 ||    39
 Stab: Sleeping          |       |     2 |     2 |       |       |       |       |       |       ||     4
Armor: Skin              |     2 |     3 |     4 |     1 |    22 |    14 |    49 |   122 |   205 ||   422
Dodge: Dodged            |    15 |     8 |    91 |    51 |    73 |   151 |    93 |   164 |   242 ||   888
Block: Buckler           |       |       |       |     6 |    32 |    85 |    56 |       |       ||   179
       Kite shield       |       |       |       |       |       |     2 |     2 |   130 |   248 ||   382
       Reflection        |       |       |       |       |       |     2 |       |    23 |    28 ||    53
